 Dungeon Sprint DCSS version 0.22-a0-368-g870eee8 (webtiles) character file.

19264 emperorscorpion the Commander (level 12, -7/103 HPs)
             Began as a Gnoll Skald on Apr 22, 2018.
             Was a High Priest of Okawaru.
             Killed from afar by an ice dragon (32 damage)
             ... with a blast of cold
             ... in the Dungeon (Sprint IX: "|||||||||||||||||||||||||||||") on Apr 23, 2018.
             The game lasted 00:17:08 (2361 turns).

emperorscorpion the Commander (Gnoll Skald)         Turns: 2361, Time: 00:17:09

Health: -7/103     AC: 26    Str: 14    XL:     12   Next: 67%
Magic:  17/28      EV: 28    Int: 16    God:    Okawaru [*****.]
Gold:   1785       SH:  0    Dex: 19    Spells: 29/36 levels left

rFire    . . .     SeeInvis .   a - +2 halberd (protect)
rCold    . . .     Gourm    .   (shield currently unavailable)
rNeg     . . .     Faith    .   s - +2 ring mail
rPois    .         Spirit   .   U - +1 helmet
rElec    .         Reflect  .   E - +0 cloak
rCorr    .         Harm     .   V - +1 pair of gloves
MR       .....     NoTele   +   r - +0 pair of boots
Stlth    ++++++....             (no amulet)
HPRegen  1.27/turn              t - +2 ring of evasion
MPRegen  0.21/turn              u - +2 ring of evasion

@: heroism, protection aura, regenerating (expiring)
A: distributed training, fangs 1, strong nose
a: Heroism, Finesse, Renounce Religion


You were in the Dungeon.
You worshipped Okawaru.
Okawaru was extremely pleased with you.
You were hungry.

You visited 1 branch You collected 1927 gold pieces.
You spent 142 gold pieces at shops.

Inventory:

Hand Weapons
 a - a +2 halberd of protection (weapon)
 b - a +1 longbow of velocity
 c - a -3 blowgun
 o - a +0 spear
 p - a +4 quarterstaff of speed
 q - a +2 scimitar of flaming
 K - a +0 glaive
 R - a +1 glaive
Missiles
 i - 3 javelins of returning
 G - 8 curare-tipped needles
 H - 7 poisoned tomahawks (quivered)
 J - 8 tomahawks
Armour
 r - a +0 pair of boots (worn)
 s - a +2 ring mail (worn)
 C - a scarf of repulsion
 D - a +0 helmet
 E - a +0 cloak (worn)
 F - a +1 hat
 L - a +0 leather armour
 S - +0 swamp dragon scales
 T - a +2 ring mail
 U - a +1 helmet (worn)
 V - a +1 pair of gloves (worn)
Magical Staves
 n - an uncursed staff of energy
Jewellery
 t - a +2 ring of evasion (left hand)
 u - a +2 ring of evasion (right hand)
 x - an uncursed ring of fire
 N - an uncursed ring of stealth
 O - an uncursed ring of poison resistance
 P - an uncursed ring of see invisible
 Q - an uncursed ring of protection from magic
Wands
 m - a wand of acid (3)
 I - a wand of digging (17)
Scrolls
 j - 3 scrolls of blinking
 k - 4 scrolls of remove curse
 l - 2 scrolls of amnesia
 y - a scroll of fog
 z - 6 scrolls of enchant weapon
 Y - 2 scrolls of enchant armour
 Z - a scroll of fear
Potions
 e - 8 potions of curing
 f - 4 potions of heal wounds
 g - 2 potions of haste
 h - 4 potions of magic
 v - a potion of brilliance
 w - a potion of might
 B - a potion of flight
 M - a potion of lignification
 W - 2 potions of mutation
 X - a potion of berserk rage
Comestibles
 d - 12 rations


   Skills:
 + Level 12.5(17.5) Fighting
 + Level 11.7(16.7) Short Blades
 + Level 11.7(16.7) Long Blades
 + Level 11.7(16.7) Axes
 + Level 11.7(16.7) Maces & Flails
 + Level 12.5(17.5) Polearms
 + Level 11.7(16.7) Staves
 + Level 11.7(16.7) Slings
 + Level 11.7(16.7) Bows
 + Level 11.7(16.7) Crossbows
 + Level 11.7(16.7) Throwing
 + Level 12.0(17.0) Armour
 + Level 12.5(17.5) Dodging
 + Level 11.7(16.7) Stealth
 + Level 11.7(16.7) Shields
 + Level 11.7(16.7) Unarmed Combat
 + Level 12.6 Spellcasting
 + Level 10.0 Conjurations
 + Level 10.0 Hexes
 + Level 11.3 Charms
 + Level 10.0 Summonings
 + Level 10.0 Necromancy
 + Level 10.0 Translocations
 + Level 10.0 Transmutations
 + Level 10.0 Fire Magic
 + Level 10.0 Ice Magic
 + Level 10.0 Air Magic
 + Level 10.0 Earth Magic
 + Level 10.0 Poison Magic
 + Level 12.6 Invocations
 + Level 11.7 Evocations


You had 29 spell levels left.
You knew the following spells:

 Your Spells              Type           Power        Failure   Level  Hunger
a - Infusion              Chrm           ####         1%          1    None
r - Regeneration          Chrm/Necr      #####.....   1%          3    None
w - Spectral Weapon       Hex/Chrm       #####...     1%          3    None


Dungeon Overview and Level Annotations

Branches:
Dungeon (1/1)

Altars:
Cheibriados
Dithmenos
Elyvilon
Fedhas
Gozag
Hepliaklqana
Kikubaaqudgha
Makhleb
Nemelex Xobeh
Okawaru
Qazlal
Ru
Sif Muna
Trog
Uskayaw
Vehumet
Wu Jian
Xom
Yredelemnul
Zin
The Shining One
Beogh
Jiyva
Lugonu

Shops:
D %(?!


Innate Abilities, Weirdness & Mutations

Your experience applies equally to all skills.
You have very sharp teeth.
Your uncanny sense of smell can sniff out nearby items.


Message History

* * * LOW HITPOINT WARNING * * *
You stumble backwards!
You completely miss the ice dragon.
The ice dragon is heavily wounded.
The ice dragon misses you.
The ice dragon claws you but does no damage.
The ice dragon barely misses you.
You are feeling hungry.
You closely miss the ice dragon.
The ice dragon is heavily wounded.
Your skin is crawling a little less now.
You hit the ice dragon but do no damage.
The ice dragon is heavily wounded.
The ice dragon completely misses you. The ice dragon misses you.
The ice dragon closely misses you.
You puncture the ice dragon!
The ice dragon is heavily wounded.
The ice dragon breathes frost at you. The blast of cold hits you!
You die...

▓.▓.▓∩▓.▓.▓.▓.▓
▓.▓.▓)▓.▓.▓.▓[▓
▓.▓.▓∩▓.▓.▓.▓.▓
▓.▓.▓)▓.▓.▓.▓)▓
▓.▓.▓[▓.▓.▓.▓.▓
▓[▓.▓)▓.▓.▓.▓.▓
▓u▓.▓)▓.▓.▓.▓.▓
▓D▓.▓)▓.▓'▓.▓'▓
▓@▓.▓'▓.▓(▓.▓_▓
▓.▓.▓.▓.▓.▓.▓_▓
▓.▓.▓.▓.▓.▓.▓_▓
▓.▓)▓.▓.▓.▓.▓_▓
▓.▓.▓.▓.▓.▓.▓_▓
▓.▓.▓.▓.▓.▓.▓_▓
▓.▓.▓.▓.▓.▓.▓_▓
▓.▓.▓.▓.▓.▓.▓_▓
▓.▓.▓.▓.▓.▓.▓_▓


You could see an ice dragon and a green ugly thing.

Vanquished Creatures
  A lich (D)
  Gastronok (D)
  A great orb of eyes (D)
  2 hydras (D)
  2 ogre magi (D)
  6 orc high priests (D)
  Sonja (D)
  An orc knight (D)
  2 lindwurms (D)
  An elephant (D)
  Maurice (D)
  3 komodo dragons (D)
  A kobold demonologist (D)
  2 tyrant leeches (D)
  A blink frog (D)
  5 hippogriffs (D)
  2 wyverns (D)
  2 wraiths (D)
  2 yaks (D)
  Eustachio (D)
  A water moccasin (D)
  2 porcupines (D)
  A sky beast (D)
  12 orc warriors (D)
  2 ice beasts (D)
  An ogre (D)
  A centaur (D)
  3 bullfrogs (D)
  A killer bee (D)
  A crimson imp (D)
  A hound (D)
  13 orc priests (D)
  A jelly (D)
  An orc wizard (D)
  2 adders (D)
  A shadow imp (D)
  4 worms (D)
  2 leopard geckos (D)
  7 orcs (D)
  A giant cockroach (D)
  A jackal (D)
  2 kobolds (D)
  A rat (D)
100 creatures vanquished.

Vanquished Creatures (others)
  2 spectral weapons (D)
2 creatures vanquished.

Grand Total: 102 creatures vanquished

Notes
Turn   | Place    | Note
-------+----------+-------------------------------------------
     0 | D        | emperorscorpion the Gnoll Skald began the quest for the Orb.
     0 | D        | Reached XP level 1. HP: 20/20 MP: 6/6
    14 | D        | Reached skill level 5 in Spellcasting
    20 | D        | Reached skill level 1 in Invocations
   209 | D        | Noticed an ogre
   209 | D        | Noticed a centaur
   213 | D        | Killed a centaur
   213 | D        | Reached skill level 5 in Fighting
   213 | D        | Reached skill level 5 in Polearms
   213 | D        | Reached skill level 5 in Dodging
   213 | D        | Reached XP level 2. HP: 22/27 MP: 4/8
   213 | D        | Reached XP level 3. HP: 27/33 MP: 5/10
   213 | D        | Reached XP level 4. HP: 32/39 MP: 5/11
   215 | D        | Killed an ogre
   215 | D        | Reached XP level 5. HP: 38/46 MP: 3/13
   226 | D        | Found a roughly hewn altar of Beogh.
   226 | D        | Found a snail-covered altar of Cheibriados.
   226 | D        | Found a shadowy altar of Dithmenos.
   226 | D        | Found a white marble altar of Elyvilon.
   226 | D        | Found a blossoming altar of Fedhas.
   226 | D        | Found an opulent altar of Gozag.
   227 | D        | Found a hazy altar of Hepliaklqana.
   228 | D        | Found a viscous altar of Jiyva.
   229 | D        | Found an ancient bone altar of Kikubaaqudgha.
   230 | D        | Found a corrupted altar of Lugonu.
   231 | D        | Found a burning altar of Makhleb.
   232 | D        | Found a sparkling altar of Nemelex Xobeh.
   233 | D        | Found an iron altar of Okawaru.
   234 | D        | Found a stormy altar of Qazlal.
   235 | D        | Found a sacrificial altar of Ru.
   236 | D        | Found a deep blue altar of Sif Muna.
   237 | D        | Found a bloodstained altar of Trog.
   238 | D        | Found a hide-covered altar of Uskayaw.
   239 | D        | Found a radiant altar of Vehumet.
   240 | D        | Found an ornate altar of the Wu Jian Council.
   241 | D        | Became a worshipper of Warmaster Okawaru
   242 | D        | Found a shimmering altar of Xom.
   243 | D        | Found a basalt altar of Yredelemnul.
   244 | D        | Found a glowing silver altar of Zin.
   245 | D        | Found a glowing golden altar of the Shining One.
   256 | D        | Learned a level 3 spell: Regeneration
   260 | D        | Learned a level 3 spell: Spectral Weapon
   332 | D        | Noticed a hippogriff
   332 | D        | Noticed a sky beast
   345 | D        | Killed a sky beast
   345 | D        | Reached skill level 5 in Armour
   345 | D        | Reached XP level 6. HP: 46/53 MP: 12/15
   349 | D        | Reached skill level 5 in Invocations
   352 | D        | Killed a hippogriff
   352 | D        | Reached * piety under Okawaru
   352 | D        | Reached skill level 5 in Short Blades
   352 | D        | Reached skill level 5 in Long Blades
   352 | D        | Reached skill level 5 in Axes
   352 | D        | Reached skill level 5 in Maces & Flails
   352 | D        | Reached skill level 5 in Staves
   352 | D        | Reached skill level 5 in Slings
   352 | D        | Reached skill level 5 in Bows
   352 | D        | Reached skill level 5 in Crossbows
   352 | D        | Reached skill level 5 in Throwing
   352 | D        | Reached skill level 5 in Stealth
   352 | D        | Reached skill level 5 in Shields
   352 | D        | Reached skill level 5 in Unarmed Combat
   352 | D        | Reached skill level 5 in Evocations
   352 | D        | Reached XP level 7. HP: 32/60 MP: 13/17
   368 | D        | Noticed a kobold demonologist
   368 | D        | Noticed a wraith
   370 | D        | Killed a wraith
   374 | D        | Noticed a rust devil
   377 | D        | Killed a kobold demonologist
   377 | D        | Reached ** piety under Okawaru
   377 | D        | Reached skill level 5 in Conjurations
   377 | D        | Reached skill level 5 in Hexes
   377 | D        | Reached skill level 5 in Summonings
   377 | D        | Reached skill level 5 in Necromancy
   377 | D        | Reached skill level 5 in Translocations
   377 | D        | Reached skill level 5 in Transmutations
   377 | D        | Reached skill level 5 in Fire Magic
   377 | D        | Reached skill level 5 in Ice Magic
   377 | D        | Reached skill level 5 in Air Magic
   377 | D        | Reached skill level 5 in Earth Magic
   377 | D        | Reached skill level 5 in Poison Magic
   377 | D        | Reached XP level 8. HP: 47/68 MP: 10/20
   499 | D        | Noticed a yak
   499 | D        | Noticed a blink frog
   499 | D        | Noticed a komodo dragon
   499 | D        | Noticed an eight-headed hydra
   499 | D        | Noticed a hippogriff
   507 | D        | Killed a hippogriff
   509 | D        | Noticed a hippogriff
   515 | D        | Killed a three-headed hydra
   515 | D        | Reached *** piety under Okawaru
   515 | D        | Reached **** piety under Okawaru
   515 | D        | Reached XP level 9. HP: 33/75 MP: 14/22
   679 | D        | Killed a komodo dragon
   699 | D        | Reached ***** piety under Okawaru
   882 | D        | Noticed a komodo dragon
   882 | D        | Noticed a komodo dragon
   884 | D        | Noticed a seven-headed hydra
   884 | D        | Killed a komodo dragon
   884 | D        | Received a gift from Okawaru
   884 | D        | Reached XP level 10. HP: 75/83 MP: 15/23
   889 | D        | Noticed an elephant
   892 | D        | Killed a seven-headed hydra
   892 | D        | Received a gift from Okawaru
   892 | D        | Reached skill level 10 in Spellcasting
   897 | D        | Reached skill level 10 in Fighting
   897 | D        | Reached skill level 10 in Polearms
   897 | D        | Reached skill level 10 in Dodging
   911 | D        | Killed an elephant
   967 | D        | Noticed a lindwurm
   972 | D        | Killed a lindwurm
   972 | D        | Received a gift from Okawaru
   972 | D        | Reached skill level 10 in Invocations
   977 | D        | Received a gift from Okawaru
   987 | D        | Noticed a lindwurm
   995 | D        | Killed a lindwurm
   995 | D        | Reached XP level 11. HP: 81/92 MP: 23/25
  1088 | D        | Noticed Maurice
  1123 | D        | Noticed Gastronok
  1136 | D        | Killed Gastronok
  1136 | D        | Reached skill level 10 in Armour
  1136 | D        | Reached skill level 10 in Charms
  1151 | D        | Noticed Sonja
  1227 | D        | Killed Sonja
  1227 | D        | Reached skill level 10 in Short Blades
  1227 | D        | Reached skill level 10 in Long Blades
  1227 | D        | Reached skill level 10 in Axes
  1227 | D        | Reached skill level 10 in Maces & Flails
  1227 | D        | Reached skill level 10 in Staves
  1227 | D        | Reached skill level 10 in Slings
  1227 | D        | Reached skill level 10 in Bows
  1227 | D        | Reached skill level 10 in Crossbows
  1227 | D        | Reached skill level 10 in Throwing
  1227 | D        | Reached skill level 10 in Stealth
  1227 | D        | Reached skill level 10 in Shields
  1227 | D        | Reached skill level 10 in Unarmed Combat
  1227 | D        | Reached skill level 10 in Evocations
  1285 | D        | Upgraded the game from 0.22-a0-367-gb72a975 to 0.22-a0-368-g870eee8
  1344 | D        | Noticed an orc high priest
  1352 | D        | Killed an orc high priest
  1379 | D        | Noticed an orc knight
  1388 | D        | Killed an orc knight
  1409 | D        | Found Relav's Distillery.
  1409 | D        | Noticed an orc high priest
  1411 | D        | Noticed an orc high priest
  1415 | D        | Found Diudacel's Magic Scroll Shop.
  1417 | D        | Noticed an orc high priest
  1421 | D        | Killed an orc high priest
  1423 | D        | Found Geutwo's Antique Weapon Boutique.
  1426 | D        | Noticed an orc high priest
  1427 | D        | Killed an orc high priest
  1427 | D        | Received a gift from Okawaru
  1428 | D        | Found Umuma's Food Shop.
  1429 | D        | Noticed an orc high priest
  1435 | D        | Killed an orc high priest
  1448 | D        | Killed an orc high priest
  1448 | D        | Reached XP level 12. HP: 48/101 MP: 6/27
  1453 | D        | Killed an orc high priest
  1504 | D        | Bought a glowing longbow for 142 gold pieces
  1714 | D        | Killed Maurice
  2184 | D        | Noticed Eustachio
  2187 | D        | Killed Eustachio
  2311 | D        | Noticed an ogre mage
  2315 | D        | Killed an ogre mage
  2322 | D        | Noticed an ogre mage
  2330 | D        | Killed an ogre mage
  2332 | D        | Noticed a great orb of eyes
  2339 | D        | Noticed an ice dragon
  2341 | D        | Killed a great orb of eyes
  2342 | D        | Noticed a lich
  2349 | D        | Paralysed by a lich for 2 turns
  2354 | D        | Killed a lich
  2354 | D        | Received a gift from Okawaru
  2354 | D        | Received a gift from Okawaru
  2354 | D        | Reached skill level 10 in Conjurations
  2354 | D        | Reached skill level 10 in Hexes
  2354 | D        | Reached skill level 10 in Summonings
  2354 | D        | Reached skill level 10 in Necromancy
  2354 | D        | Reached skill level 10 in Translocations
  2354 | D        | Reached skill level 10 in Transmutations
  2354 | D        | Reached skill level 10 in Fire Magic
  2354 | D        | Reached skill level 10 in Ice Magic
  2354 | D        | Reached skill level 10 in Air Magic
  2354 | D        | Reached skill level 10 in Earth Magic
  2354 | D        | Reached skill level 10 in Poison Magic
  2361 | D        | Killed from afar by an ice dragon

Vault maps used:
D:        linesprint

Skill      XL: |  1  2  3  4  5  6  7  8  9 10 11 12 |
---------------+-------------------------------------+-----
Spellcasting   | 5 6 7 8 9 10 11 12 | 12.6
Invocations    | 3 4 5 6 8 9 10 11 12 | 12.6
Fighting       | 5 6 7 8 9 10 11 12 | 12.5
Short Blades   | 2 3 4 5 6 7 8 9 10 11 | 11.7
Long Blades    | 2 3 4 5 6 7 8 9 10 11 | 11.7
Axes           | 2 3 4 5 6 7 8 9 10 11 | 11.7
Maces & Flails | 2 3 4 5 6 7 8 9 10 11 | 11.7
Polearms       | 5 6 7 8 9 10 11 12 | 12.5
Staves         | 2 3 4 5 6 7 8 9 10 11 | 11.7
Slings         | 2 3 4 5 6 7 8 9 10 11 | 11.7
Bows           | 2 3 4 5 6 7 8 9 10 11 | 11.7
Crossbows      | 2 3 4 5 6 7 8 9 10 11 | 11.7
Throwing       | 2 3 4 5 6 7 8 9 10 11 | 11.7
Armour         | 3 4 5 6 7 8 9 11 12 | 12.0
Dodging        | 5 6 7 8 9 10 11 12 | 12.5
Stealth        | 2 3 4 5 6 7 8 9 10 11 | 11.7
Shields        | 2 3 4 5 6 7 8 9 10 11 | 11.7
Unarmed Combat | 2 3 4 5 6 7 8 9 10 11 | 11.7
Conjurations   | 2 3 4 5 6 7 9 10 | 10.0
Hexes          | 2 3 4 5 6 7 9 10 | 10.0
Summonings     | 2 3 4 5 6 7 9 10 | 10.0
Necromancy     | 2 3 4 5 6 7 9 10 | 10.0
Translocations | 2 3 4 5 6 7 9 10 | 10.0
Transmutations | 2 3 4 5 6 7 9 10 | 10.0
Fire Magic     | 2 3 4 5 6 7 9 10 | 10.0
Ice Magic      | 2 3 4 5 6 7 9 10 | 10.0
Air Magic      | 2 3 4 5 6 7 9 10 | 10.0
Earth Magic    | 2 3 4 5 6 7 9 10 | 10.0
Poison Magic   | 2 3 4 5 6 7 9 10 | 10.0
Evocations     | 2 3 4 5 6 7 8 9 10 11 | 11.7
Charms         | 6 7 8 9 10 11 | 11.3

Action                   |  1- 3 |  4- 6 |  7- 9 | 10-12 || total
-------------------------+-------+-------+-------+-------++-------
Melee: Spear             |    26 |     5 |       |       ||    31
       Bite              |     3 |     1 |    11 |    16 ||    31
       Halberd           |       |    20 |    34 |   174 ||   228
       Scimitar          |       |       |    31 |       ||    31
       Punch             |       |       |     3 |       ||     3
 Fire: Longbow           |       |       |       |    23 ||    23
Throw: Javelin           |       |       |       |    20 ||    20
       Tomahawk          |       |       |       |     1 ||     1
 Cast: Infusion          |     1 |       |       |       ||     1
       Spectral Weapon   |       |     1 |     5 |    12 ||    18
       Regeneration      |       |     1 |     5 |    14 ||    20
Invok: Heroism           |       |       |     3 |     7 ||    10
       Finesse           |       |       |       |     2 ||     2
Evoke: Wand              |       |       |     1 |     6 ||     7
  Use: Potion            |     1 |       |     2 |       ||     3
       Scroll            |       |       |       |     2 ||     2
 Stab: Invisible         |       |       |     8 |       ||     8
       Sleeping          |       |       |       |     6 ||     6
       Distracted        |       |       |       |     2 ||     2
  Eat: Chunk             |       |       |     1 |     5 ||     6
Armor: Leather armour    |     3 |       |       |       ||     3
       Ring mail         |       |    10 |     3 |    21 ||    34
Dodge: Dodged            |    12 |    15 |    60 |    80 ||   167
       Rpst.: Scimitar   |       |       |     4 |       ||     4

Table legend:
 A = Spawn XP
 B = Non-spawn XP
 C = Spawn XP percentage of total XP
 D = Spawn monster count
 E = Non-spawn monster count
 F = Spawn count percentage of total count
 G = Total turns spent on level
                    A         B        C        D         E        F      G
               +---------+---------+-------+---------+---------+-------+---------
         Total |       0 |   27521 |   0.0 |       0 |     100 |   0.0 |  2361
               +---------+---------+-------+---------+---------+-------+---------
             D |       0 |   27521 |   0.0 |       0 |     100 |   0.0 |  2361
               +---------+---------+-------+---------+---------+-------+---------
